 Dungeon Crawl Stone Soup version 0.23.2-1-ga50397a6bc (webtiles) character file.

Game seed: 5309702645382802004

115 Paidos the Chiller (level 5, -2/40 HPs)
             Began as a Merfolk Ice Elementalist on May 3, 2019.
             Slain by a worm (11 damage)
             ... on level 2 of the Dungeon.
             The game lasted 00:12:14 (2444 turns).

Paidos the Chiller (Merfolk Ice Elementalist)       Turns: 2444, Time: 00:12:14

Health: -2/40      AC:  2    Str:  9    XL:     5   Next: 0%
Magic:  0/8        EV: 14    Int: 12    God:
Gold:   73         SH:  0    Dex: 14    Spells: 3/9 levels left

rFire    . . .     SeeInvis .   f - +1 short sword
rCold    . . .     Gourm    .   (no shield)
rNeg     . . .     Faith    .   a - +0 robe
rPois    .         Spirit   .   (no helmet)
rElec    .         Reflect  .   (no cloak)
rCorr    .         Harm     .   (no gloves)
MR       .....                  (no boots)
Stlth    ++........             (no amulet)
HPRegen  0.13/turn              e - -3 ring of intelligence (curse)
MPRegen  0.11/turn              (no ring)

@: no status effects
A: change form in water, swift swim, stealthy swim
a: no special abilities


You were on level 2 of the Dungeon.
You were not hungry.

You visited 1 branch of the dungeon, and saw 3 of its levels.

You collected 73 gold pieces.

Inventory:

Hand Weapons
 d - a +0 club
 f - a +1 short sword (weapon)
Missiles
 k - 7 tomahawks (quivered)
Armour
 a - a +0 robe (worn)
Jewellery
 e - a cursed -3 ring of intelligence (left hand)
Potions
 b - 4 potions of brilliance
 l - a potion of flight {unknown}
 m - a potion of heal wounds {unknown}
Comestibles
 c - 5 rations


   Skills:
 * Level 2.8 Fighting
 + Level 3.8 Dodging
 - Level 2.2 Stealth
 * Level 2.5 Spellcasting
 - Level 0.7 Conjurations
 - Level 4.1 Ice Magic


You had 3 spell levels left.
You knew the following spells:

 Your Spells              Type           Power        Failure   Level  Hunger
a - Freeze                Ice            ##..         4%          1    #......
b - Throw Frost           Conj/Ice       #.....       14%         2    ###....
c - Ozocubu's Armour      Chrm/Ice       #.......     32%         3    ###....

Your spell library contained the following spells:

 Spells                   Type           Power        Failure   Level  Hunger
 Throw Icicle             Conj/Ice       #.......     67%         4    #####..
 Summon Ice Beast         Ice/Summ       #.......     73%         4    #####..


Dungeon Overview and Level Annotations

Branches:
Dungeon (3/15)

Altars:


Message History

The worm is heavily wounded.
The worm bites you!
Casting: Freeze (safe; 4% risk of failure)
Confirm with . or Enter, or press ? or * to list all spells.
Aiming: Freeze (safe; 4% risk of failure)
Press: ? - help, Shift-Dir - straight line, f/p - worm
Aim: a worm (heavily wounded)
You freeze the worm.
The worm is heavily wounded.
The worm bites you!
* * * LOW HITPOINT WARNING * * *
You hit the worm.
The worm is severely wounded.
You barely miss the worm.
The worm is severely wounded.
The worm bites you but does no damage.
You hit the worm.
The worm is almost dead.
The worm bites you!
You die...

####.## ##...## #.####
##.....## #.##.##
##.......#
#.#...####.........
#........'.........
#.#...####.........
#.##.## ##.......#
#)#### ##.....## #)@#
##...## ##w## ##'####
#...# #..... #.#.#
#..### ####.#.####
#####.)###
#....#....###.......#.
#.#######...........#.
#....#....###.......#.
####.#.#### #.........


You could see a worm.

Vanquished Creatures
  7 adders
  A worm (D:2)
  2 leopard geckos
  An orc (D:3)
  A giant cockroach (D:2)
  8 goblins
  8 hobgoblins
  5 bats
  4 frilled lizards
  7 kobolds
  4 rats
48 creatures vanquished.

Notes
Turn   | Place    | Note
-------+----------+-------------------------------------------
     0 | D:1      | Paidos the Merfolk Ice Elementalist began the quest for the
                  | Orb.
     0 | D:1      | Reached XP level 1. HP: 13/13 MP: 3/3
    82 | D:1      | Reached XP level 2. HP: 11/20 MP: 0/5
   254 | D:1      | Learned a level 2 spell: Throw Frost
   271 | D:1      | Reached skill level 1 in Fighting
   607 | D:2      | Reached XP level 3. HP: 20/26 MP: 0/6
   988 | D:2      | Reached skill level 4 in Ice Magic
  1048 | D:2      | Reached XP level 4. HP: 28/33 MP: 2/7
  1057 | D:2      | Learned a level 3 spell: Ozocubu's Armour
  2107 | D:2      | HP: 1/34 [hobgoblin/+0 club (4)]
  2432 | D:2      | Reached XP level 5. HP: 33/40 MP: 2/8
  2444 | D:2      | Slain by a worm

Skill      XL: |  1  2  3 |
---------------+----------+-----
Dodging        | 3 |  3.8
Fighting       | 1 2 |  2.8
Ice Magic      | 4 |  4.1
Stealth        | |  2.2
Spellcasting   | |  2.5
Conjurations   | |  0.7

Action                   |  1- 3 |  4- 6 || total
-------------------------+-------+-------++-------
Melee: Unarmed           |     5 |       ||     5
       Club              |     4 |       ||     4
       Short sword       |    13 |    47 ||    60
 Cast: Freeze            |    36 |    31 ||    67
       Throw Frost       |     2 |    14 ||    16
  Use: Scroll            |       |     3 ||     3
       Potion            |       |     2 ||     2
  Eat: Chunk             |       |     7 ||     7
Armor: Robe              |    11 |    26 ||    37
Dodge: Dodged            |    47 |   102 ||   149
